 Dungeon Crawl Stone Soup version 0.31.0-12-g77e489cdc1 (webtiles) character file.

Game seed: 6906925468647562267

21 hawla the Trooper (level 2, 0/27 HPs)
             Began as a Minotaur Monk on Feb 11, 2024.
             Succumbed to an adder's poison
             ... on level 1 of the Dungeon.
             The game lasted 00:01:38 (756 turns).

hawla the Trooper (Minotaur Monk)                    Turns: 756, Time: 00:01:38

Health: 0/27       AC:  2    Str: 15    XL:     2   Next: 62%
Magic:  1/1        EV: 12    Int:  7    God:
Gold:   21         SH:  0    Dex: 12    Spells: 1/1 levels left

rFire   . . .        a - +0 falchion
rCold   . . .        d - orb {light}
rNeg    . . .        b - +0 robe
rPois   .            (helmet restricted)
rElec   .            (no cloak)
rCorr   .            (no gloves)
SInv    .            (no boots)
Will    +....        (no amulet)
Stlth   +            (no ring)
HPRegen 0.24/turn    (no ring)
MPRegen 0.07/turn

%: no passive effects
@: lethally poisoned (0 -> -8), enlightened, flying, glowing
A: horns 2, retaliatory headbutt
a: no special abilities


You were on level 1 of the Dungeon.
You visited 1 branch of the dungeon, and saw 2 of its levels.

You collected 21 gold pieces.

Inventory:

Hand Weapons
 a - a +0 falchion (weapon)
Armour
 b - a +0 robe (worn)
 d - an orb of light (worn)
Scrolls
 e - a scroll of torment {unknown}
Potions
 c - a potion of ambrosia
 g - a potion of mutation {unknown}


   Skills:
 - Level 4.0 Fighting
 - Level 3.6 Long Blades
 + Level 2.4 Armour
 - Level 3.2 Dodging


You had one spell level left.
You didn't know any spells.
Your spell library was empty.

Dungeon Overview and Level Annotations

Branches:
Dungeon (2/15)

Altars:


Innate Abilities, Weirdness & Mutations

You have a pair of horns on your head.
You reflexively headbutt those who attack you in melee.


Message History

A giant cockroach is nearby!
You hit the giant cockroach but do no damage.
The giant cockroach bites you.
You slash the giant cockroach!
You kill the giant cockroach!
No target in view!
HP restored.
A goblin comes into view. It is wielding a +0 dagger.
The goblin shouts!
An adder comes into view.
A goblin comes into view. It is wielding a +0 dagger.
The goblin shouts!
The adder hisses angrily.
The goblin hits you with a +0 dagger. The adder bites you.
There is a stone staircase leading up, spattered with blood here.
You hit the adder. Your headbutt misses the adder.
The adder is moderately wounded.
The adder closely misses you. The goblin hits you with a +0 dagger.
The goblin closely misses you. The adder bites you.
You are poisoned.
The adder poisons you!
You feel sick. The adder bites you.
You are more poisoned.
The adder poisons you! The goblin barely misses you. x2
You climb upwards.
You feel very sick.
There is a stone staircase leading down here.
You hit the adder. Your headbutt misses the adder.
The adder is severely wounded.
You feel sick. The adder bites you.
* * * LOW HITPOINT WARNING * * *
You are more poisoned.
The adder poisons you! The goblin misses you. The goblin barely misses you.
You furiously retaliate!
You headbutt the goblin. The adder bites you.
* * * LOW HITPOINT WARNING * * *
It was a potion of enlightenment.
You feel very buoyant.
You fly up into the air.
You die...

##.#...##### #:##
#)##.## #... #.#..#
#.## ###.#.##### #.%.
#.........# #.##
#.#.#.###.# #.#
#.#.#.###~## #.#
#g#.#.##≈≈.# #.#
###@S...#≈≈.≈# #.#
##.#g#.###≈#.≈####.##
#.#....##≈≈#.~≈≈##...
##.#.....≈...########
#.#.####≈##≈.#
#####.#.#######~≈##
#..†..#.#..##.##~≈#
#.#####.##≈..#.#.≈####
#.# #..≈≈≈.........#


You could see an adder and 2 goblins.

Vanquished Creatures
  4 endoplasms (D:1)
  A giant cockroach (D:2)
  2 goblins (D:1)
  A hobgoblin (D:1)
  2 quokkas (D:1)
  3 ball pythons (D:1)
  2 frilled lizards (D:1)
  2 kobolds (D:1)
  A rat (D:1)
18 creatures vanquished.

Notes
Turn   | Place    | Note
-------+----------+-------------------------------------------
     0 | D:1      | hawla the Minotaur Monk began the quest for the Orb.
     0 | D:1      | Reached XP level 1. HP: 19/19 MP: 0/0
   194 | D:1      | Reached skill level 1 in Armour
   245 | D:1      | Reached skill level 4 in Fighting
   245 | D:1      | Reached XP level 2. HP: 27/27 MP: 1/1
   756 | D:1      | Succumbed to an adder's poison

Illustrated notes

Levels and vault maps discovered:
D:1:      dpeg_arrival_lava_temple_mockup, layout_loops_ring,
          chequers_serial_rivers_small_b
D:2:      layout_rooms

Skill      XL: |  1  2 |
---------------+-------+-----
Armour         | 1 2 |  2.4
Fighting       | 4 |  4.0
Long Blades    | |  3.6
Dodging        | |  3.2

Action                     || total
---------------------------++-------
  Melee: Falchion          ||    32
         Headbutt          ||     2
    Use: Potion            ||     1
 Armour: Robe              ||    17
  Dodge: Dodged            ||    25
